 Dungeon Crawl Stone Soup version 0.30-a0-292-g0f741e3f8e (webtiles) character file.

Game seed: 11653864573644362106

2366 koil the Covert (level 9, -9/44 HPs)
             Began as a Spriggan Enchanter on Oct 18, 2022.
             Was a Follower of Dithmenos.
             Mangled by a gargoyle
             ... wielding a +2 dire flail of protection
              (15 damage)
             ... on level 6 of the Dungeon.
             The game lasted 00:24:12 (5687 turns).

koil the Covert (Spriggan Enchanter)                Turns: 5687, Time: 00:24:12

Health: -9/44      AC:  3    Str:  4    XL:     9   Next: 21%
Magic:  14/19      EV: 21    Int: 22    God:    Dithmenos [*.....]
Gold:   160        SH:  0    Dex: 20    Spells: 11/20 levels left

rFire   . . .      SeeInvis +    a - +2 dagger
rCold   . . .      Faith    .    (no shield)
rNeg    . . .      Spirit   .    b - +0 robe
rPois   .          Reflect  .    (helmet restricted)
rElec   .          Harm     .    G - +0 cloak {Stlth+}
rCorr   .          Rampage  .    (gloves unavailable)
Will    +....                    (boots unavailable)
Stlth   ++++++....               (no amulet)
HPRegen 0.27/turn                h - +6 ring of intelligence
MPRegen 0.16/turn                w - +4 ring of protection

@: confusing by touch, corroded, wreathed by umbra, very quick
A: very small, no large weapons, unfitting armour, see invisible, speed 3
a: Renounce Religion


You were on level 6 of the Dungeon.
You worshipped Dithmenos.
Dithmenos was aware of your devotion.
You visited 2 branches of the dungeon, and saw 7 of its levels.

You collected 298 gold pieces.
You spent 138 gold pieces at shops.

Inventory:

Hand Weapons
 a - a +2 dagger (weapon)
 i - a +2 whip of electrocution
Missiles
 e - 2 throwing nets
 s - 19 poisoned darts (quivered)
Armour
 b - a +0 robe (worn)
 G - a +0 cloak of stealth (worn)
Jewellery
 h - a +6 ring of intelligence (left hand)
 w - a +4 ring of protection (right hand)
Wands
 o - a wand of flame (12)
 r - a wand of digging (3)
 x - a wand of iceblast (9)
Scrolls
 d - 3 scrolls of fear
 f - 2 scrolls of blinking
 l - a scroll of butterflies
 p - 2 scrolls of magic mapping
 A - 2 scrolls of amnesia
Potions
 c - 2 potions of invisibility
 g - 2 potions of haste
 j - a potion of might
 k - a potion of attraction {unknown}
 m - 2 potions of brilliance
 n - 3 potions of heal wounds
 q - a potion of ambrosia


   Skills:
 + Level 3.4 Fighting
 + Level 5.0 Short Blades
 + Level 6.4 Dodging
 + Level 8.5 Stealth
 + Level 6.1 Spellcasting
 + Level 6.5 Hexes
 + Level 4.3 Transmutations
 + Level 4.5 Evocations


You had 11 spell levels left.
You knew the following spells:

 Your Spells              Type           Power      Damage    Failure   Level
a - Ensorcelled Hibernat  Hex/Ice        42%        N/A       3%          2
b - Confusing Touch       Hex            35%        N/A       1%          3
c - Petrify               Tmut/Erth      16%        N/A       36%         4

Your spell library contained the following spells:

 Spells                   Type           Power      Damage    Failure   Level
 Tukima's Dance           Hex            35%        N/A       1%          3
 Dazzling Flash           Conj/Hex       42%        N/A       7%          3
 Metabolic Englaciation   Hex/Ice        10%        N/A       54%         5
 Statue Form              Tmut/Erth      10%        N/A       99%         6


Dungeon Overview and Level Annotations

Branches:
Dungeon (6/15)             Temple (1/1) D:5

Altars:
Ashenzari
Cheibriados
Dithmenos
Elyvilon
Fedhas
Gozag
Hepliaklqana
Kikubaaqudgha
Makhleb
Nemelex Xobeh
Okawaru
Qazlal
Ru
Sif Muna
Trog
Uskayaw
Vehumet
Wu Jian
Xom
Yredelemnul
Zin
The Shining One

Shops:
D:4 [   D:5 !


Innate Abilities, Weirdness & Mutations

You are very small and have problems with some larger weapons.
You are too small for most types of armour.
You have supernaturally acute eyesight. (SInv)
You cover ground extremely quickly. (Speed+++)


Message History

The centaur shoots an arrow.
The arrow barely misses you.
The gargoyle hurls a stone arrow at you.
The stone arrow hits you.
The gargoyle hurls a stone arrow at you.
The stone arrow hits you!
There is a transporter here.
You enter the transporter and appear at another place.
The gargoyle hits you with a +2 dire flail of protection!
The jelly barely misses you.
The gargoyle hits you with a +2 dire flail of protection.
The gargoyle barely misses you.
Casting: Ensorcelled Hibernation (safe; 3% risk of failure)
Confirm with . or Enter, or press ? or * to list all spells.
Your hands begin to glow red.
You hit the jelly but do no damage.
The jelly appears confused.
Your hands burn!
You punch the jelly.
The jelly is lightly wounded.
You hit the jelly. The acid corrodes you!
Your hands burn!
* * * LOW HITPOINT WARNING * * *
You punch the jelly, but do no damage.
The jelly is moderately wounded.
The jelly completely misses you.
You catch the helpless jelly completely off-guard!
You impale the jelly!!
You kill the jelly!
Dithmenos accepts your kill.
You hit the gargoyle but do no damage.
The gargoyle hurls a stone arrow at you.
The stone arrow misses you.
Casting: Confusing Touch (safe; 1% risk of failure)
Confirm with . or Enter, or press ? or * to list all spells.
Your hands begin to glow red.
The gargoyle hits you with a +2 dire flail of protection.
* * * LOW HITPOINT WARNING * * *
You hit the gargoyle but do no damage. You hit the gargoyle but do no damage.
The gargoyle completely misses you.
You hit the gargoyle but do no damage. The gargoyle closely misses you.
You hit the gargoyle but do no damage.
The gargoyle hits you with a +2 dire flail of protection!
You die...

########.....#$).....c.#.......(
#......#_[.......#........
#.....©#_$....©..#©...####
#......#_$.......#....#
##...#.#$(.......#.#### ###
##....#8.......8#.#
..########....##9c.....##.#
#..............#########..#
##########.....9@........##
#....############ ######


You could see 2 gargoyles and a centaur.

Vanquished Creatures
  Grinder (D:6)
  Sigmund (D:3)
  Eustachio (D:4)
  An ice beast (D:6)
  2 sky beasts (D:6)
  The ghost of gabagool the Shield-Bearer, an amateur FoFi (D:4)
  2 ogres
  A centaur (D:5)
  2 phantoms (D:6)
  Blork the orc (D:4)
  A bullfrog (D:6)
  3 scorpions
  An oklob sapling (D:5)
  A jelly (D:6)
  A hound (D:3)
  4 orc priests
  2 gnoll boudas
  Ijyb (D:3)
  3 iguanas
  4 orc wizards
  Robin (D:3)
  15 gnolls
  6 adders
  A shadow imp (D:6)
  2 white imps
  An ufetubus (D:6)
  A worm (D:4)
  2 dart slugs
  11 orcs
  A ball python (D:3)
  3 bats
  3 endoplasms
  A giant cockroach (D:3)
  16 goblins
  9 hobgoblins
  8 jackals
  A quokka (D:3)
  7 frilled lizards
  7 kobolds
  2 rats (D:2)
132 creatures vanquished.

Vanquished Creatures (others)
  2 plants (D:5)
2 creatures vanquished.

Grand Total: 134 creatures vanquished

Notes
Turn   | Place    | Note
-------+----------+-------------------------------------------
     0 | D:1      | koil the Spriggan Enchanter began the quest for the Orb.
     0 | D:1      | Reached XP level 1. HP: 9/9 MP: 5/5
   169 | D:1      | Reached XP level 2. HP: 13/13 MP: 6/6
   172 | D:1      | Learned a level 2 spell: Ensorcelled Hibernation
   227 | D:1      | Found a faded altar of an unknown god.
   704 | D:2      | Reached XP level 3. HP: 17/17 MP: 8/8
   801 | D:2      | Reached skill level 5 in Stealth
  1182 | D:3      | Learned a level 3 spell: Confusing Touch
  1192 | D:3      | Reached skill level 1 in Fighting
  1289 | D:3      | Noticed Sigmund
  1289 | D:3      | Noticed Robin
  1303 | D:3      | Noticed Ijyb
  1306 | D:3      | Reached XP level 4. HP: 22/22 MP: 9/9
  1350 | D:3      | Killed Ijyb
  1413 | D:3      | Killed Sigmund
  1414 | D:3      | Reached skill level 6 in Stealth
  1414 | D:3      | Reached XP level 5. HP: 12/25 MP: 8/12
  1421 | D:3      | Reached XP level 6. HP: 9/30 MP: 7/13
  1429 | D:3      | Killed Robin
  2157 | D:4      | Noticed Eustachio
  2223 | D:4      | Learned a level 4 spell: Petrify
  2648 | D:4      | Found a runed translucent door.
  2655 | D:4      | Noticed gabagool's ghost (amateur FoFi)
  2706 | D:4      | Killed Eustachio
  2707 | D:4      | Reached skill level 5 in Hexes
  2707 | D:4      | Reached skill level 1 in Transmutations
  2707 | D:4      | Reached skill level 1 in Evocations
  2707 | D:4      | Reached XP level 7. HP: 34/35 MP: 5/14
  3294 | D:4      | Found Suor's Armour Shop.
  3302 | D:4      | Bought a +0 cloak of stealth for 138 gold pieces
  3426 | D:4      | Noticed Blork the orc
  3431 | D:4      | Killed Blork the orc
  3432 | D:4      | Reached skill level 5 in Dodging
  3432 | D:4      | Reached skill level 7 in Stealth
  3550 | D:4      | Killed gabagool's ghost
  3590 | D:5      | Entered Level 5 of the Dungeon
  3601 | D:5      | Reached skill level 5 in Spellcasting
  3601 | D:5      | Reached XP level 8. HP: 33/39 MP: 9/16
  3612 | D:5      | Found a staircase to the Ecumenical Temple.
  3683 | D:5      | Found Heob Rio's Distillery.
  4572 | Temple   | Entered the Ecumenical Temple
  4832 | Temple   | Became a worshipper of Dithmenos the Shadowed
  5072 | D:6      | Reached skill level 8 in Stealth
  5116 | D:6      | Reached XP level 9. HP: 36/44 MP: 2/18
  5332 | D:6      | Found a bloodstained altar of Trog.
  5332 | D:6      | Found a sacrificial altar of Ru.
  5334 | D:6      | Found a blossoming altar of Fedhas.
  5334 | D:6      | Noticed a gargoyle
  5334 | D:6      | Noticed Grinder
  5341 | D:6      | Noticed a gargoyle
  5343 | D:6      | Killed Grinder
  5344 | D:6      | Reached skill level 5 in Short Blades
  5374 | D:6      | Found a transporter.
  5397 | D:6      | Reached * piety under Dithmenos
  5534 | D:6      | Found a transporter.
  5687 | D:6      | Mangled by a gargoyle

Illustrated notes

Levels and vault maps discovered:
D:1:      minmay_arrival_four_houses, layout_loops_ring,
          chequers_ecumenical_altar_island
D:2:      layout_basic
D:3:      layout_loops_ring, minmay_misc_feat_five, skrybe_limestone_x,
          uniq_ijyb, uniq_sigmund, uniq_robin
D:4:      layout_loops_cross, hellmonk_ghost_happy_afterlife, serial_shops,
          shop, roderic_serpentine_path, uniq_blork_the_orc, uniq_eustachio
D:5:      layout_loops_ring, minmay_temple_entry_oklob, serial_shops,
          nicolae_shop_temple_entry_statues_fountains
D:6:      layout_rooms, gammafunk_temple_overflow_arena, uniq_grinder
Temple:   nicolae_temple_bog_church

Skill      XL: |  1  2  3  4  5  6  7  8  9 |
---------------+----------------------------+-----
Dodging        | 3 4 5 6 |  6.4
Spellcasting   | 3 4 5 6 |  6.1
Stealth        | 5 6 7 8 |  8.5
Hexes          | 4 5 6 |  6.5
Fighting       | 1 2 3 |  3.4
Short Blades   | 2 3 4 5 |  5.0
Transmutations | 1 2 4 |  4.3
Evocations     | 1 2 4 |  4.5

Action                   |  1- 3 |  4- 6 |  7- 9 || total
-------------------------+-------+-------+-------++-------
Melee: Dagger            |    97 |   140 |   281 ||   518
       Punch             |     3 |     3 |     3 ||     9
 Cast: Ensorcelled Hiber |       |    24 |    44 ||    68
       Confusing Touch   |       |       |     8 ||     8
  Use: Scroll            |       |       |    14 ||    14
       Potion            |       |       |     6 ||     6
 Stab: Sleeping          |    10 |    13 |    37 ||    60
       Distracted        |     1 |       |       ||     1
       Confused          |       |       |     8 ||     8
Armor: Robe              |     8 |    21 |    25 ||    54
Dodge: Dodged            |    88 |   127 |   150 ||   365

Table legend: (Time is in decaauts)
 A = Elapsed time spent in this place.
 B = Non-inter-level travel time spent in this place.
 C = Inter-level travel time spent in this place.
 D = Time resting spent in this place.
 E = Time spent auto-exploring this place.
 F = Levels seen in this place.
 G = Mean time per level.
                   A        B        C        D        E       F      G
               +--------+--------+--------+--------+--------+-----+--------+
         Total |   4082 |   3972 |    110 |    252 |   2587 |   7 |  583.1 |
       Dungeon |   3839 |   3749 |     90 |    217 |   2418 |   6 |  639.8 |
        Temple |    243 |    224 |     19 |     35 |    169 |   1 |  243.0 |
               +--------+--------+--------+--------+--------+-----+--------+

Top non-repeatable levels by time:
     D:4: 934 daAuts
     D:3: 856 daAuts
     D:5: 744 daAuts
     D:6: 544 daAuts
     D:1: 386 daAuts
     D:2: 372 daAuts
  Temple: 243 daAuts
